 Dungeon Crawl Stone Soup version 0.28-a0-957-g42eb19b844 (webtiles) character file.

Game seed: 18097937788013986122

243 Hipnos the Magician (level 5, 0/28 HPs)
             Began as a Deep Elf Fire Elementalist on Nov 30, 2021.
             Slain by a lemure (1 damage)
             ... led by Pikel
             ... on level 5 of the Dungeon.
             The game lasted 00:07:47 (3406 turns).

Hipnos the Magician (Deep Elf Fire Elementalist)    Turns: 3406, Time: 00:07:47

Health: 0/28       AC:  4    Str:  5    XL:     5   Next: 82%
Magic:  14/14      EV: 13    Int: 22    God:
Gold:   103        SH:  0    Dex: 15    Spells: 5/14 levels left

rFire   . . .      SeeInvis .   q - +0 dagger (freeze)
rCold   . . .      Faith    .   (no shield)
rNeg    . . .      Spirit   .   a - +0 robe
rPois   .          Reflect  .   (no helmet)
rElec   .          Harm     .   e - +0 cloak
rCorr   .          Rampage  .   i - +0 pair of gloves
Will    .....                   (no boots)
Stlth   ++........              (no amulet)
HPRegen 0.09/turn               (no ring)
MPRegen 0.14/turn               (no ring)

@: brilliant, attractive
A: no striking features
a: no special abilities


You were on level 5 of the Dungeon.
You visited 1 branch of the dungeon, and saw 4 of its levels.

You collected 103 gold pieces.

Inventory:

Hand Weapons
 q - a +0 dagger of freezing (weapon)
Armour
 a - a +0 robe (worn)
 e - a +0 cloak (worn)
 i - a +0 pair of gloves (worn)
Jewellery
 f - a ring of magical power
 l - a ring of poison resistance
Scrolls
 b - a scroll of immolation {unknown}
 h - a scroll of vulnerability {unknown}
 j - a scroll of noise {unknown}
 k - a scroll of fog {unknown}
 n - 2 scrolls of teleportation {unknown}
 p - a scroll of silence {unknown}
Potions
 g - 2 potions of lignification {unknown}
 o - 2 potions of curing {unknown}


   Skills:
 + Level 0.1 Fighting
 + Level 1.1 Short Blades
 + Level 2.9 Dodging
 - Level 2.4 Stealth
 + Level 5.2 Spellcasting
 + Level 2.6 Conjurations
 + Level 4.5 Fire Magic
 * Level 2.1 Ice Magic


You had 5 spell levels left.
You knew the following spells:

 Your Spells              Type           Power      Damage    Failure   Level
a - Foxfire               Conj/Fire      100%       2x1d9     2%          1
b - Ozocubu's Armour      Ice            22%        N/A       12%         3
c - Scorch                Fire           76%        2d8       2%          2
d - Swiftness             Air            8%         N/A       30%         3

Your spell library contained the following spells:

 Spells                   Type           Power      Damage    Failure   Level
 Conjure Flame            Conj/Fire      32%        6-21      7%          3
 Ensorcelled Hibernation  Hex/Ice        30%        N/A       10%         2
 Inner Flame              Hex/Fire       23%        N/A       12%         3
 Passwall                 Tmut/Erth      6%         N/A       16%         2
 Flame Wave               Conj/Fire      32%        2d7       22%         4
 Spider Form              Tmut/Pois      8%         N/A       30%         3
 Metabolic Englaciation   Hex/Ice        7%         N/A       87%         5
 Simulacrum               Ice/Necr       7%         N/A       100%        6


Dungeon Overview and Level Annotations

Branches:
Dungeon (5/15)
 Temple: D:4-7

Altars:
Qazlal

Shops:
D:2 [   D:4 =

Annotations:
D:4 Pikel


Message History

You hit the lemure. You freeze the lemure.
The lemure is moderately wounded.
The lemure hits you but does no damage.
You barely miss the lemure.
The lemure is moderately wounded.
The lemure completely misses you.
You barely miss the lemure.
The lemure is moderately wounded.
The lemure hits you.
You hit the lemure but do no damage.
The lemure is moderately wounded.
The lemure hits you.
You closely miss the lemure.
The lemure is moderately wounded.
The lemure closely misses you.
You hit the lemure but do no damage.
The lemure is moderately wounded.
You hit the lemure but do no damage.
The lemure is moderately wounded.
The lemure hits you.
* * * LOW HITPOINT WARNING * * *
Unknown command.
It was a potion of flight.
You feel very buoyant.
You fly up into the air.
The lemure hits you but does no damage.
It was a potion of cancellation.
Your magical effects are unravelling.
You feel magically purged.
Your icy armour evaporates.
You float gracefully downwards.
The lemure closely misses you.
It was a potion of attraction.
You feel attractive to monsters. The lemure hits you!
* * * LOW HITPOINT WARNING * * *
It was a potion of brilliance.
You feel clever all of a sudden.
A sky beast appears from thin air!
Reactivating autopickup.
The lemure hits you.
You die...

# # .#.
#.# #.#
#Y# #5#
#@#
........#
#########


You could see a sky beast and a lemure.

Vanquished Creatures
  A phantom (D:4)
  3 hounds (D:4)
  A hound skeleton (D:4)
  2 adders
  An adder skeleton (D:4)
  2 dart slugs (D:1)
  7 ball pythons
  4 endoplasms
  3 giant cockroaches
  2 goblins (D:1)
  3 hobgoblins
  2 jackals (D:1)
  2 kobolds
  4 bats
  7 frilled lizards
  3 rats
47 creatures vanquished.

Vanquished Creatures (others)
  255 foxfires
  5 toadstools (D:1)
260 creatures vanquished.

Grand Total: 307 creatures vanquished

Notes
Turn   | Place    | Note
-------+----------+-------------------------------------------
     0 | D:1      | Hipnos the Deep Elf Fire Elementalist began the quest for
                  | the Orb.
     0 | D:1      | Reached XP level 1. HP: 10/10 MP: 6/6
   112 | D:1      | Found a faded altar of an unknown god.
   271 | D:1      | Reached XP level 2. HP: 15/15 MP: 4/8
  1053 | D:1      | Reached XP level 3. HP: 19/19 MP: 3/10
  1057 | D:1      | Learned a level 3 spell: Ozocubu's Armour
  1340 | D:1      | Learned a level 2 spell: Scorch
  1380 | D:2      | Reached skill level 4 in Spellcasting
  1544 | D:2      | Found a stormy altar of Qazlal.
  1882 | D:2      | Found Molent's Antique Armour Emporium.
  1961 | D:2      | You fall into a shaft and drop 2 floors!
  1973 | D:4      | Found Metrysch's Jewellery Emporium.
  2467 | D:4      | Learned a level 3 spell: Swiftness
  2548 | D:4      | Reached XP level 4. HP: 24/24 MP: 8/12
  2676 | D:4      | Reached skill level 1 in Ice Magic
  2968 | D:4      | Reached XP level 5. HP: 28/28 MP: 7/14
  3095 | D:4      | Noticed a phantom
  3101 | D:4      | Killed a phantom
  3102 | D:4      | Reached skill level 5 in Spellcasting
  3231 | D:4      | Reached skill level 1 in Short Blades
  3357 | D:4      | Noticed Pikel
  3357 | D:4      | Noticed a lemure
  3357 | D:4      | Noticed a lemure
  3357 | D:4      | Noticed a lemure
  3357 | D:4      | Noticed a lemure
  3384 | D:5      | Entered Level 5 of the Dungeon
  3384 | D:5      | Noticed a sky beast
  3405 | D:5      | HP: 1/28 [lemure[Pikel] (8)]
  3406 | D:5      | Slain by a lemure

Illustrated notes

Levels and vault maps discovered:
D:1:      ldierk_walled_garden, layout_rooms, chequers_ecumenical_altar_simple
D:2:      layout_basic, basic_altar, serial_shops, shop
D:4:      layout_basic, serial_shops, nicolae_take_the_stairs, uniq_pikel
D:5:      layout_loops_ring, chequers_garden, uniq_blork_the_orc

Skill      XL: |  1  2  3  4  5 |
---------------+----------------+-----
Spellcasting   | 4 5 |  5.2
Fire Magic     | 4 |  4.5
Conjurations   | 2 |  2.6
Ice Magic      | 1 2 |  2.1
Short Blades   | 1 |  1.1
Fighting       | |  0.1
Dodging        | |  2.9
Stealth        | |  2.4

Action                   |  1- 3 |  4- 6 || total
-------------------------+-------+-------++-------
Melee: Dagger            |       |    41 ||    41
 Cast: Foxfire           |   144 |    16 ||   160
       Ozocubu's Armour  |       |     3 ||     3
       Scorch            |       |     6 ||     6
       Swiftness         |       |     1 ||     1
  Use: Potion            |       |     4 ||     4
Armor: Robe              |     3 |    23 ||    26
Dodge: Dodged            |     2 |    26 ||    28

Table legend: (Time is in decaauts)
 A = Elapsed time spent in this place.
 B = Non-inter-level travel time spent in this place.
 C = Inter-level travel time spent in this place.
 D = Time resting spent in this place.
 E = Time spent auto-exploring this place.
 F = Levels seen in this place.
 G = Mean time per level.
                   A        B        C        D        E       F      G
               +--------+--------+--------+--------+--------+-----+--------+
         Total |   3407 |   3349 |     58 |    365 |   2506 |   4 |  851.8 |
       Dungeon |   3407 |   3349 |     58 |    365 |   2506 |   4 |  851.8 |
               +--------+--------+--------+--------+--------+-----+--------+

Top non-repeatable levels by time:
     D:4: 1423 daAuts
     D:1: 1368 daAuts
     D:2: 594 daAuts
     D:5: 20 daAuts
